 Dungeon Crawl Stone Soup version 0.19-a0-1767-gb375097 (webtiles) character file.

32 AmbiguousPuzuma the Ruffian (level 3, -7/36 HPs)
             Began as a Troll Monk on Oct 2, 2016.
             Mangled by AmbiguousPuzuma's ghost (12 damage)
             ... on level 4 of the Dungeon.
             The game lasted 00:01:31 (288 turns).

AmbiguousPuzuma the Ruffian (Troll Monk)             Turns: 288, Time: 00:01:32

Health: -7/36      AC:  5    Str: 19    XL:     3   Next: 8%
Magic:  2/2        EV: 16    Int:  6    God:
Gold:   8          SH:  0    Dex: 18    Spells: 0 memorised, 2 levels left

rFire  + . .     SeeInvis .       - Unarmed
rCold  + . .     Gourm    +     a - +0 robe
rNeg   . . .     Faith    .     (no shield)
rPois  +         Spirit   .     (helmet restricted)
rElec  +         Dismiss  .     (no cloak)
rCorr  +         Reflect  .     (gloves unavailable)
MR     .....     Harm     .     (boots unavailable)
Stlth  +++.......               (no amulet)
                                (no ring)
                                (no ring)

@: agile, resistant
A: unfitting armour, claws 3, fast metabolism 3, gourmand, regeneration 1,
shaggy fur 1, tough skin 2
a: no special abilities


You were on level 4 of the Dungeon.
You were full.

You visited 1 branch of the dungeon, and saw 4 of its levels.

You collected 8 gold pieces.

Inventory:

Armour
 a - a +0 robe (worn)
Scrolls
 d - a scroll of remove curse {unknown}
 e - a scroll of enchant armour {unknown}
 f - a scroll of identify {unknown}
 g - a scroll of magic mapping {unknown}
Books
 i - a book of Misfortune
   (You found it on level 3 of the Dungeon)
Comestibles
 b - 2 bread rations


   Skills:
 - Level 2.4 Fighting
 - Level 2.4 Dodging
 - Level 1.1 Stealth
 + Level 4.2 Unarmed Combat


You had 2 spell levels left.
You didn't know any spells.

Dungeon Overview and Level Annotations

Branches:
Dungeon (4/15)
 Temple: D:4-7

Altars:
Elyvilon
Nemelex Xobeh

Annotations:
D:4 AmbiguousPuzuma's ghost, amateur TrMo


Innate Abilities, Weirdness & Mutations

You are too large for most types of armour.
You have claws for hands.
Your metabolism is lightning-fast.
You like to eat raw meat.
Your natural rate of healing is unusually fast.
You are covered in fur. (AC +1)
You have very tough skin. (AC +2)


Message History

A rat comes into view.
Found a dagger.
A rat is nearby!
A giant cockroach comes into view.
Found a paperback book.
You see here a book of Misfortune.
i - a book of Misfortune The giant cockroach barely misses you.
You claw the giant cockroach!
You kill the giant cockroach!
You have reached level 3!
Your experience leads to an increase in your attributes!
Increase (S)trength, (I)ntelligence, or (D)exterity?
You feel agile.
You feel stronger.
Health restored: 36; MP restored: 2 You see here a giant cockroach corpse.
You butcher the giant cockroach corpse.
You see here 2 chunks of flesh.
j - 2 chunks of flesh You completely miss the rat.
The rat bites you but does no damage.
You scratch the rat.
You kill the rat!
No target in view!
No target in view!
Eating one of 2 chunks of flesh.
You start eating one of the 2 chunks of flesh.
You continue eating. x2
You finish eating.
This raw flesh tastes great.
Eating a chunk of flesh.
You start eating the chunk of flesh.
You continue eating. x2
You finish eating.
This raw flesh tastes great.
Okay, then.
A frilled lizard comes into view.
The frilled lizard hisses angrily.
The frilled lizard closely misses you.
You barely miss the frilled lizard.
The frilled lizard bites you but does no damage.
You closely miss the frilled lizard.
The frilled lizard bites you but does no damage.
You claw the frilled lizard!
You kill the frilled lizard!
You see here a frilled lizard corpse.
Found 8 gold pieces.
You now have 8 gold pieces.
Found a stone staircase leading up.
There is a stone staircase leading up here.
A kobold comes into view.
Found a stone staircase leading down.
The kobold shouts!
The kobold closely misses you.
You closely miss the kobold. The kobold barely misses you.
You scratch the kobold but do no damage.
The kobold closely misses you.
You closely miss the kobold. The kobold hits you but does no damage.
You scratch the kobold but do no damage.
You scratch the kobold.
You kill the kobold!
No target in view!
No target in view!
There is a stone staircase leading down here.
You climb downwards.
A frilled lizard comes into view.
Found 33 stones and 10 gold pieces.
Found a sparkling altar of Nemelex Xobeh.
There is a stone staircase leading up here.
The helpless frilled lizard fails to defend itself.
You claw the frilled lizard!
You kill the frilled lizard!
AmbiguousPuzuma's ghost (amateur Troll Monk) comes into view.
AmbiguousPuzuma's ghost turns its malevolent gaze towards you.
AmbiguousPuzuma's ghost whispers, "There is no future for you."
AmbiguousPuzuma's ghost moves out of view.
Found a white marble altar of Elyvilon.
No target in view!
It was a potion of resistance.
You feel protected.
It was a potion of agility.
You feel agile all of a sudden.
You scratch AmbiguousPuzuma's ghost. AmbiguousPuzuma's ghost hits you!
You take 10 damage, and have 26/36 hp.
MASSIVE DAMAGE!!
You closely miss AmbiguousPuzuma's ghost.
AmbiguousPuzuma's ghost completely misses you.
You claw AmbiguousPuzuma's ghost! AmbiguousPuzuma's ghost hits you!!
Ouch! That really hurt!
* * * LOW HITPOINT WARNING * * *
You take 19 damage, and have 8/36 hp.
MASSIVE DAMAGE!!
You are too injured to fight recklessly!
You are too injured to fight recklessly!
You are too injured to fight recklessly!
You are too injured to fight recklessly!
You are too injured to fight recklessly!
You claw AmbiguousPuzuma's ghost! AmbiguousPuzuma's ghost misses you.
You barely miss AmbiguousPuzuma's ghost.
AmbiguousPuzuma's ghost hits you.
* * * LOW HITPOINT WARNING * * *
You take 5 damage, and have 4/36 hp.
You scratch AmbiguousPuzuma's ghost.
AmbiguousPuzuma's ghost barely misses you.
You claw AmbiguousPuzuma's ghost! AmbiguousPuzuma's ghost hits you!
You die...

# .#.##### #
....(... ..
#...## #...
#.<#...#
#....###.
#@.......
#.W.......#
#.#####.....
... ..##.
._. ## ..$..
.._. ....


You could see AmbiguousPuzuma's ghost.

Vanquished Creatures
  2 adders (D:2)
  An ooze (D:2)
  A bat (D:3)
  2 giant cockroaches
  A hobgoblin (D:1)
  A ball python (D:3)
  2 frilled lizards
  A kobold (D:3)
  A rat (D:3)
12 creatures vanquished.

Notes
Turn   | Place    | Note
-------+----------+-------------------------------------------
     0 | D:1      | AmbiguousPuzuma the Troll Monk began the quest for the Orb.
     0 | D:1      | Reached XP level 1. HP: 22/22 MP: 0/0
    53 | D:2      | Reached XP level 2. HP: 26/29 MP: 1/1
   115 | D:2      | Reached skill level 4 in Unarmed Combat
   161 | D:3      | Reached XP level 3. HP: 36/36 MP: 2/2
   276 | D:4      | Found a sparkling altar of Nemelex Xobeh.
   278 | D:4      | Noticed AmbiguousPuzuma's ghost (amateur TrMo)
   278 | D:4      | Found a white marble altar of Elyvilon.
   284 | D:4      | HP: 8/36 [AmbiguousPuzuma's ghost (19)]
   288 | D:4      | Mangled by AmbiguousPuzuma's ghost

Vault maps used:
D:1:      zaba_arrival_water
D:2:      gammafunk_temple_overflow_statue, ecumenical_altar_2, st_stairs_2
D:3:      first_bread
D:4:      grunt_temple_overflow_open, uniq_natasha, uniq_pikel

Skill      XL: |  1  2 |
---------------+-------+-----
Unarmed Combat | 4 |  4.2
Fighting       | |  2.4
Dodging        | |  2.4
Stealth        | |  1.1

Action                   || total
-------------------------++-------
Melee: Unarmed           ||    39
  Use: Potion            ||     2
 Stab: Sleeping          ||     2
  Eat: Chunk             ||     4
Armor: Robe              ||    12
Dodge: Dodged            ||    16

Vault maps used:
D:1:      zaba_arrival_water
D:2:      gammafunk_temple_overflow_statue, ecumenical_altar_2, st_stairs_2
D:3:      first_bread
D:4:      grunt_temple_overflow_open, uniq_natasha, uniq_pikel

Table legend:
 A = Turns spent in this place as a percentage of turns spent in the entire game.
 B = Non-inter-level travel turns spent in this place as a percentage of non-inter-level travel turns spent in the entire game.
 C = Inter-level travel turns spent in this place as a percentage of turns spent in this place.
 D = Turns resting spent in this place as a percentage of non-inter-level travel turns spent in this place.
 E = Turns spent auto-exploring this place as a percentage of non-inter-level travel turns spent in this place.
 F = Non-inter-level travel turns spent in this place divided by the number of levels of this place that you've seen.
                   A       B       C       D       E      F
               +-------+-------+-------+-------+-------+----------------------
         Total | 100.0 | 100.0 |   0.0 |   0.0 |   0.0 |  64.8
       Dungeon | 100.0 | 100.0 |   0.0 |   0.0 |   0.0 |  64.8
               +-------+-------+-------+-------+-------+----------------------

Table legend:
 A = Kills in this place as a percentage of kills in entire the game.
 B = Kills by you in this place as a percentage of kills by you in the entire game.
 C = Kills by friends in this place as a percentage of kills by friends in the entire game.
 D = Other kills in this place as a percentage of other kills in the entire game.
 E = Experience gained in this place as a percentage of experience gained in the entire game.
 F = Experience gained in this place divided by the number of levels of this place that you have seen.
                   A       B       C       D       E      F
               +-------+-------+-------+-------+-------+----------------------
         Total | 100.0 | 100.0 |  -nan |  -nan | 100.0 |  11.5
       Dungeon | 100.0 | 100.0 |  -nan |  -nan | 100.0 |  11.5
               +-------+-------+-------+-------+-------+----------------------
